 Dungeon Crawl Stone Soup version 0.30-a0-591-g3c58d2bc28 (webtiles) character file.

Game seed: 98248743417166597

2226 wormed the Changer (level 9, -3/63 (70) HPs)
             Began as an Octopode Transmuter on Jan 6, 2023.
             Was an Initiate of Gozag.
             Slain by Duvessa
             ... wielding a +4 rapier of draining
              (5 damage)
             ... on level 7 of the Dungeon.
             The game lasted 00:12:55 (6491 turns).

wormed the Changer (Octopode Transmuter)            Turns: 6491, Time: 00:12:55

HP:   -3/63 (70)    AC:  8    Str: 10    XL:     9   Next: 36%
MP:   12/15         EV: 11    Int: 19    God:    Gozag
Gold: 422           SH:  0    Dex: 12    Spells: 11/17 levels left

rFire   x . .      SeeInvis +      - Unarmed
rCold   + + +      Faith    .    (shield currently unavailable)
rNeg    . . .      Spirit   .    (helmet currently unavailable)
rPois   +          Reflect  .    l - amulet of regeneration
rElec   .          Harm     .    u - ring of see invisible
rCorr   .          Rampage  .    (no ring)
Will    .....                    (no ring)
Stlth   +                        (no ring)
HPRegen 1.10/turn                (no ring)
MPRegen 0.14/turn                (no ring)
                                 (no ring)
                                 (no ring)

@: mighty, ice-form, wereblooded, gold aura, hasted, heavily drained, very quick
A: freezing attack, boosted hp, almost no armour, amphibious, 8 rings, large,
(camouflage 1), (gelatinous body 1), (nimble swimmer 1), (tentacles)
a: End Transformation, Renounce Religion, Potion Petition, Call Merchant, Bribe
Branch


You were on level 7 of the Dungeon.
You worshipped Gozag.
Gozag was aware of your devotion.
You were a creature of crystalline ice.
You visited 2 branches of the dungeon, and saw 8 of its levels.
You also visited: Sewer.

You collected 569 gold pieces.
You paid 147 gold pieces to Gozag.

Inventory:

Missiles
 c - 27 poisoned darts
 B - a curare-tipped dart
Jewellery
 f - a ring of ice
 l - an amulet of regeneration (around neck)
 o - an amulet of reflection
 p - an amulet of guardian spirit
 u - a ring of see invisible (left front paw)
Wands
 m - a wand of iceblast (8)
 t - a wand of flame (22)
Scrolls
 a - a scroll of silence
 q - 6 scrolls of teleportation
 r - a scroll of immolation
 v - a scroll of amnesia
 y - a scroll of magic mapping
Potions
 b - 3 potions of might
 d - a potion of haste
 e - 2 potions of brilliance {unknown}
 g - a potion of degeneration {unknown}
 h - a potion of attraction {unknown}
 i - a potion of flight {unknown}
 j - 2 potions of invisibility {unknown}
 k - 4 potions of curing {unknown}
 n - 2 potions of resistance {unknown}
 s - 3 potions of heal wounds {unknown}
 x - a potion of ambrosia
 z - 2 potions of cancellation {unknown}
 A - 3 potions of mutation {unknown}


   Skills:
 + Level 4.7 Fighting
 + Level 5.0 Dodging
 + Level 5.2 Unarmed Combat
 + Level 4.5 Spellcasting
 * Level 6.7 Transmutations
 + Level 4.4 Ice Magic


You had 11 spell levels left.
You knew the following spells:

 Your Spells              Type           Power      Damage    Failure   Level
a - Ice Form              Ice/Tmut       25%        N/A       13%         4
b - Wereblood             Tmut           30%        N/A       1%          2

Your spell library contained the following spells:

 Spells                   Type           Power      Damage    Failure   Level
 Beastly Appendage        Tmut           60%        N/A       1%          1
 Sting                    Tmut/Pois      68%        1d6       3%          1
 Spider Form              Tmut/Pois      17%        N/A       10%         3
 Ignite Poison            Fire/Tmut/Pois 12%        N/A       16%         3
 Poisonous Vapours        Pois/Air       8%         N/A       21%         2
 Kindle Blastsparks       Fire/Tloc/Air  8%         2d10      36%         3
 Olgreb's Toxic Radiance  Pois           4%         N/A       78%         4
 Freezing Cloud           Conj/Ice/Air   4%         6-21      89%         5


Dungeon Overview and Level Annotations

Branches:
Dungeon (7/15)             Temple (1/1) D:6           Sewer (visited)

Altars:
Cheibriados
Dithmenos
Elyvilon
Fedhas
Gozag
Hepliaklqana
Kikubaaqudgha
Makhleb
Okawaru
Qazlal
Ru
Sif Muna
Uskayaw
Vehumet
Wu Jian
Xom
The Shining One

Annotations:
D:7 Duvessa


Innate Abilities, Weirdness & Mutations

You are a creature of crystalline ice.
You have a powerful freezing melee attack.
Your maximum health is increased.
Your armour is entirely melded.
You are incapable of wielding weapons or throwing items.
You cannot wear most types of armour.
You are amphibious.
You can wear up to eight rings at the same time.
((Your skin changes colour to match your surroundings (Stealth+).))
((Your rubbery body absorbs attacks. (AC +1, EV +1)))
((You are camouflaged when in or above water. (Stealth+)))
((You have tentacles for arms and can constrict up to eight enemies at once.))


Message History

You pummel Dowan!! You freeze Dowan.
You feel a bit better.
You kill Dowan!
You hear a distant scream of rage.
The hound is distracted by your dazzling golden aura.
Items here: ! $ ) [.
You closely miss the hound.
The hound is no longer distracted by gold.
The hound barks!
The hound closely misses you. The hound bites you but does no damage.
You punch the hound! You freeze the hound.
The hound is heavily wounded.
The hound barely misses you.
You hit the hound. You freeze the hound.
The hound is severely wounded.
The hound misses you.
Duvessa, Sister of Dowan comes into view.
She is wielding a +4 rapier of draining and wearing a +4 ring mail of willpower.
You barely miss the hound.
The hound is severely wounded.
Duvessa goes berserk!
The hound is distracted by your dazzling golden aura.
You punch the hound! You freeze the hound.
You feel a bit better.
You kill the hound!
Duvessa barely misses you.
Your Dodging skill increases to level 5!
You feel yourself speed up. Duvessa hits you but does no damage.
You feel drained.
You feel very mighty all of a sudden.
Duvessa hits you with a +4 rapier of draining!!
You feel drained.
* * * LOW HITPOINT WARNING * * *
You hit Duvessa. You freeze Duvessa.
Duvessa is lightly wounded.
Duvessa hits you with a +4 rapier of draining!
* * * LOW HITPOINT WARNING * * *
You feel drained.
* * * LOW HITPOINT WARNING * * *
Duvessa attacks as you move away!
Duvessa hits you with a +4 rapier of draining.
You die...
Your body crumbles into a pile of gold.

# #.####
#....######
#..eY$.$$.# .$
######.$..# ..
####.# #..
##.#
#...#######..#
#...........##
.........)..#
............#
......).....#


You could see Duvessa (berserk).

Vanquished Creatures
  Grinder (D:5)
  Menkaure (D:5)
  2 water moccasins (D:6)
  An orc warrior (D:6)
  4 ice beasts
  2 kobold brigands (Sewer)
  3 scorpions
  A necrophage (D:6)
  Dowan (D:7)
  A howler monkey (D:5)
  3 hounds
  2 gnoll boudas
  An orc priest (D:5)
  2 jellies
  Jessica (D:2)
  3 iguanas
  5 orc wizards
  6 gnolls
  5 adders
  4 river rats (Sewer)
  2 white imps
  3 dart slugs
  33 orcs
  6 bats
  5 endoplasms
  7 giant cockroaches
  8 goblins
  9 hobgoblins
  4 jackals (D:1)
  8 quokkas
  12 ball pythons
  4 frilled lizards
  27 kobolds
  28 rats
205 creatures vanquished.

Vanquished Creatures (others)
  A fungus (D:2)
1 creature vanquished.

Grand Total: 206 creatures vanquished

Notes
Turn   | Place    | Note
-------+----------+-------------------------------------------
     0 | D:1      | wormed the Octopode Transmuter began the quest for the Orb.
     0 | D:1      | Reached XP level 1. HP: 13/13 MP: 3/3
    93 | D:1      | Reached XP level 2. HP: 18/18 MP: 3/5
   340 | D:1      | Reached XP level 3. HP: 19/23 MP: 3/6
   476 | D:1      | Learned a level 2 spell: Wereblood
   929 | D:2      | Found a faded altar of an unknown god.
   991 | D:2      | Reached skill level 1 in Ice Magic
  1009 | D:2      | Noticed Jessica
  1017 | D:2      | Killed Jessica
  1018 | D:2      | Reached XP level 4. HP: 21/29 MP: 2/7
  1097 | D:2      | Reached skill level 3 in Transmutations
  1262 | D:2      | Reached XP level 5. HP: 34/34 MP: 5/8
  1276 | D:2      | Learned a level 4 spell: Ice Form
  2795 | D:4      | Reached XP level 6. HP: 24/41 MP: 8/10
  3435 | D:4      | Identified the +3 chain mail of the Yeti {rC+ Regen+ Str+3
                  | Dex+2}
  3580 | D:5      | Entered Level 5 of the Dungeon
  3617 | D:5      | Noticed an ice beast
  3661 | D:5      | Reached skill level 4 in Transmutations
  3703 | D:5      | Noticed Grinder
  3832 | D:4      | Killed an ice beast
  3833 | D:4      | Reached XP level 7. HP: 39/41 MP: 9/11
  3857 | D:5      | Paralysed by Grinder for 5 turns
  3864 | D:5      | Killed Grinder
  3935 | D:5      | Noticed Menkaure
  4024 | D:5      | Killed Menkaure
  4025 | D:5      | Reached skill level 5 in Transmutations
  4025 | D:5      | Reached XP level 8. HP: 7/52 MP: 11/13
  4797 | D:6      | Found a glowing drain.
  4817 | Sewer    | Entered a sewer
  5749 | D:6      | Found a staircase to the Ecumenical Temple.
  5757 | Temple   | Entered the Ecumenical Temple
  5781 | Temple   | Became a worshipper of Gozag Ym Sagoz the Greedy
  5795 | D:6      | Reached skill level 6 in Transmutations
  5928 | D:6      | Reached skill level 5 in Unarmed Combat
  5928 | D:6      | Reached XP level 9. HP: 59/59 MP: 7/15
  6472 | D:7      | Noticed Dowan
  6480 | D:7      | Killed Dowan
  6485 | D:7      | Noticed Duvessa
  6488 | D:7      | Reached skill level 5 in Dodging
  6490 | D:7      | HP: 2/63 [Duvessa/+4 rapier of draining (5)]
  6491 | D:7      | Slain by Duvessa

Illustrated notes

Levels and vault maps discovered:
D:1:      mainiacjoe_arrival_reflecting_pool, layout_basic
D:2:      layout_rooms, shapermc_ecumenical_altar_gd, uniq_jessica
D:3:      layout_rooms, minmay_strange_pillars, chequers_serial_rivers_micro_c,
          guppyfry_early_orc_mine
D:4:      layout_basic, hangedman_abyss_or_decor_jellyfish_corner
D:5:      layout_rooms, nrook_campfire, uniq_grinder, uniq_menkaure
D:6:      layout_basic, minmay_temple_entry_overgrown, portal_sewer_entry_f
D:7:      minmay_angry_zag, layout_rooms, nicolae_overflow_hidden_temple,
          enter_bailey_5, uniq_duvessa
Temple:   sentei_temple_godly_chess

Skill      XL: |  1  2  3  4  5  6  7  8  9 |
---------------+----------------------------+-----
Ice Magic      | 1 2 3 4 |  4.4
Transmutations | 3 4 5 6 |  6.7
Fighting       | 2 3 4 |  4.7
Dodging        | 3 4 5 |  5.0
Spellcasting   | 3 4 |  4.5
Unarmed Combat | 4 5 |  5.2

Action                   |  1- 3 |  4- 6 |  7- 9 || total
-------------------------+-------+-------+-------++-------
Melee: Unarmed           |    74 |   156 |   228 ||   458
       Kick              |    28 |    36 |       ||    64
       Constrict         |    26 |    28 |     3 ||    57
       Tentacles         |    17 |    20 |     4 ||    41
       Punch             |     1 |     2 |       ||     3
 Cast: Beastly Appendage |    21 |    21 |       ||    42
       Wereblood         |     6 |    18 |     5 ||    29
       Ice Form          |       |     6 |    27 ||    33
  Use: Scroll            |       |     9 |     5 ||    14
       Potion            |       |     2 |     3 ||     5
 Stab: Sleeping          |     3 |     1 |     1 ||     5
Armor: Skin              |     6 |    24 |    76 ||   106
Dodge: Dodged            |    49 |    94 |   109 ||   252

Table legend: (Time is in decaauts)
 A = Elapsed time spent in this place.
 B = Non-inter-level travel time spent in this place.
 C = Inter-level travel time spent in this place.
 D = Time resting spent in this place.
 E = Time spent auto-exploring this place.
 F = Levels seen in this place.
 G = Mean time per level.
                   A        B        C        D        E       F      G
               +--------+--------+--------+--------+--------+-----+--------+
         Total |   6423 |   6190 |    233 |     40 |   4741 |   9 |  713.7 |
       Dungeon |   5645 |   5412 |    233 |     40 |   4260 |   7 |  806.4 |
        Temple |     33 |     33 |      0 |      0 |      2 |   1 |   33.0 |
         Sewer |    743 |    743 |      0 |      0 |    479 |   1 |  743.0 |
               +--------+--------+--------+--------+--------+-----+--------+

Top non-repeatable levels by time:
     D:4: 1165 daAuts
     D:5: 925 daAuts
     D:1: 915 daAuts
     D:6: 869 daAuts
     D:3: 850 daAuts
     D:2: 836 daAuts
   Sewer: 743 daAuts
     D:7: 83 daAuts
  Temple: 33 daAuts
